 Dungeon Crawl Stone Soup version 0.32-a0-131-g9dbbe29261 (webtiles) character file.

Game seed: 5101170353440312337

343 EnigmaSakura the Conjurer (level 6, -3/38 HPs)
             Began as an Octopode Conjurer on Feb 8, 2024.
             Was a Believer of Vehumet.
             Slain by a kobold
             ... wielding a +0 short sword
              (5 damage)
             ... on level 3 of the Dungeon.
             The game lasted 00:12:08 (1805 turns).

EnigmaSakura the Conjurer (Octopode Conjurer)       Turns: 1805, Time: 00:12:09

Health: -3/38      AC:  1    Str:  9    XL:     6   Next: 57%
Magic:  8/9        EV:  7    Int: 20    God:    Vehumet [**....]
Gold:   113        SH:  0    Dex: 10    Spells: 9/10 levels left

rFire   . . .        e - +2 dagger (venom)
rCold   . . .        (no shield)
rNeg    . . .        (helmet restricted)
rPois   .            (no amulet)
rElec   .            (no ring)
rCorr   .            (no ring)
SInv    .            (no ring)
Will    .....        (no ring)
Stlth   ++++         (no ring)
HPRegen 0.26/turn    (no ring)
MPRegen 0.11/turn    (no ring)
                     (no ring)

%: no passive effects
@: held
A: almost no armour, amphibious, 8 rings, camouflage 1, gelatinous body 1,
(nimble swimmer 1), tentacles
a: Renounce Religion


You were on level 3 of the Dungeon.
You worshipped Vehumet.
Vehumet was pleased with you.
You visited 1 branch of the dungeon, and saw 3 of its levels.

You collected 113 gold pieces.

Inventory:

Hand Weapons
 c - a +2 dagger
 e - a +2 dagger of venom (weapon)
Missiles
 b - 8 poisoned darts
Armour
 g - a scarf of shadows
Potions
 a - a potion of magic
 d - a potion of curing
 f - 3 potions of lignification
 h - a potion of invisibility
 j - a potion of haste


   Skills:
 + Level 1.6 Fighting
 + Level 2.4 Short Blades
 + Level 2.7 Dodging
 + Level 4.9 Stealth
 + Level 2.5 Spellcasting
 + Level 5.5 Conjurations


You had 9 spell levels left.
You knew the following spells:

 Your Spells              Type           Power      Damage    Failure   Level
a - Magic Dart            Conj           96%        1d7       1%          1

Your spell library contained the following spells:

 Spells                   Type           Power      Damage    Failure   Level
 Static Discharge         Conj/Air       26%        3-5/arc   8%          2
 Searing Ray              Conj           48%        2d6       2%          2
 Fulminant Prism          Conj/Alch      6%         3d7       43%         4
 Iskenderun's Mystic Bla  Conj/Tloc      13%        2d5       43%         4


Dungeon Overview and Level Annotations

Branches:
Dungeon (3/15)

Altars:
Uskayaw
Vehumet

Shops:
D:2 :


Innate Abilities, Weirdness & Mutations

You cannot wear most types of armour.
You are amphibious.
You can wear up to eight rings at the same time.
Your skin changes colour to match your surroundings (Stealth+).
Your rubbery body absorbs attacks. (AC +1, EV +1)
((You are camouflaged when in or above water. (Stealth+)))
You have tentacles for arms and can constrict up to eight enemies at once.


Message History

You constrict the bombardier beetle, but do no damage.
The bombardier beetle bites you.
A kobold comes into view. It is wielding a +0 short sword.
You hit the bombardier beetle.
The bombardier beetle is poisoned.
You tentacle-slap the bombardier beetle, but do no damage.
The bombardier beetle is almost dead.
The liquid fire burns you!
You constrict the bombardier beetle, but do no damage.
You kill the bombardier beetle!
Vehumet accepts your kill.
You feel your power returning.
A rat comes into view.
You shake off some of the fire as you move.
The liquid fire burns you!
The ribbon worm expels a string of sticky webbing.
The stream of webbing hits you but does no damage.
You are caught in a web!
There is a web here.
You struggle to detach yourself from the web.
The liquid fire burns you! The kobold barely misses you.
The web tears apart.
The liquid fire burns you!
* * * LOW HITPOINT WARNING * * *
The kobold hits you with a +0 short sword.
* * * LOW HITPOINT WARNING * * *
The ribbon worm expels a string of sticky webbing.
The stream of webbing hits you but does no damage.
You are caught in a web!
You struggle to detach yourself from the web.
The liquid fire burns you!
* * * LOW HITPOINT WARNING * * *
The rat squeaks loudly.
The kobold hits you with a +0 short sword.
* * * LOW HITPOINT WARNING * * *
You struggle to detach yourself from the web.
The liquid fire burns you!
* * * LOW HITPOINT WARNING * * *
The kobold hits you with a +0 short sword.
You die...

#.. ... #......
####..##.#
.....##.##
..##.....
#w##.##.# .#
#.##.##<#...#
#.###.##........#
#....r@.........#
##...K......#.###
###.########.#
... .# #.## # #.
#


You could see a ribbon worm (catching breath), a kobold and a rat.

Vanquished Creatures
  Grinder (D:3)
  A bombardier beetle (D:3)
  Jessica (D:2)
  Robin (D:2)
  2 adders (D:2)
  3 ball pythons
  4 bats
  6 endoplasms
  2 giant cockroaches
  16 goblins
  2 hobgoblins
  6 jackals (D:1)
  A quokka (D:2)
  2 frilled lizards
  2 kobolds (D:2)
  A rat (D:2)
51 creatures vanquished.

Notes
Turn   | Place    | Note
-------+----------+-------------------------------------------
     0 | D:1      | EnigmaSakura the Octopode Conjurer began the quest for the
                  | Orb.
     0 | D:1      | Reached XP level 1. HP: 11/11 MP: 3/3
   158 | D:1      | Found a faded altar of an unknown god.
   166 | D:1      | Prayed at the altar of an unknown god.
   166 | D:1      | Became a worshipper of Vehumet
   166 | D:1      | Reached * piety under Vehumet
   166 | D:1      | Offered knowledge of Kiss of Death by Vehumet.
   276 | D:1      | Reached XP level 2. HP: 12/17 MP: 1/5
   784 | D:1      | Reached XP level 3. HP: 21/21 MP: 6/6
  1000 | D:2      | Found Kagaddocw's Book Shoppe.
  1053 | D:2      | Reached ** piety under Vehumet
  1053 | D:2      | Offered knowledge of Static Discharge by Vehumet.
  1068 | D:2      | Noticed Robin
  1075 | D:2      | Killed Robin
  1091 | D:2      | Reached XP level 4. HP: 10/27 MP: 7/7
  1239 | D:2      | Noticed Jessica
  1246 | D:2      | Killed Jessica
  1247 | D:2      | Reached skill level 5 in Conjurations
  1470 | D:2      | Found a hide-covered altar of Uskayaw.
  1493 | D:2      | Reached skill level 1 in Short Blades
  1775 | D:3      | Noticed Grinder
  1779 | D:3      | Paralysed by Grinder for 5 turns
  1791 | D:3      | Killed Grinder
  1792 | D:3      | Reached skill level 1 in Fighting
  1792 | D:3      | Reached XP level 5. HP: 24/33 MP: 8/8
  1792 | D:3      | Reached XP level 6. HP: 28/38 MP: 9/9
  1805 | D:3      | Slain by a kobold

Illustrated notes

Levels and vault maps discovered:
D:1:      nagdon_arrival_double_spiral, layout_loops_cross,
          dilly_ecumenical_altar_fadedgnrine
D:2:      layout_basic, basic_altar, serial_shops, nicolae_shop_hallway_stairs,
          uniq_robin, uniq_jessica
D:3:      layout_loops_ring, kennysheep_vampire_church,
          kennysheep_generic_room_3, uniq_sigmund, uniq_natasha, uniq_grinder

Skill      XL: |  1  2  3  4 |
---------------+-------------+-----
Stealth        | 3 4 |  4.9
Conjurations   | 5 |  5.5
Short Blades   | 2 |  2.4
Fighting       | 1 |  1.6
Dodging        | |  2.7
Spellcasting   | |  2.5

Action                     |  1- 3 |  4- 6 || total
---------------------------+-------+-------++-------
  Melee: Dagger            |    85 |    42 ||   127
         Constrict         |    22 |     7 ||    29
         Tentacles         |    13 |     7 ||    20
         Unarmed           |     3 |       ||     3
         Punch             |     4 |     3 ||     7
   Cast: Magic Dart        |    19 |     3 ||    22
    Use: Scroll            |     4 |     4 ||     8
         Potion            |     3 |     2 ||     5
   Stab: Sleeping          |     1 |     2 ||     3
         Invisible         |       |     2 ||     2
 Armour: Skin              |    28 |    21 ||    49
  Dodge: Dodged            |    40 |    12 ||    52

Table legend: (Time is in decaauts)
 A = Elapsed time spent in this place.
 B = Non-inter-level travel time spent in this place.
 C = Inter-level travel time spent in this place.
 D = Time resting spent in this place.
 E = Time spent auto-exploring this place.
 F = Levels seen in this place.
 G = Mean time per level.
                   A        B        C        D        E       F      G
               +--------+--------+--------+--------+--------+-----+--------+
         Total |   1784 |    578 |   1206 |      0 |      0 |   3 |  594.7 |
       Dungeon |   1784 |    578 |   1206 |      0 |      0 |   3 |  594.7 |
               +--------+--------+--------+--------+--------+-----+--------+

Top non-repeatable levels by time:
     D:1: 984 daAuts
     D:2: 774 daAuts
     D:3: 25 daAuts
